 Dungeon Crawl Stone Soup version 0.30-a0-782-ge64f9170bb (webtiles) character file.

Game seed: 1708593837245214634

936 kae the Firebug (level 7, 0/36 HPs)
             Began as a Deep Elf Fire Elementalist on Feb 25, 2023.
             Was an Initiate of Vehumet.
             Slain by an ice beast (21 damage)
             ... on level 6 of the Dungeon.
             The game lasted 00:04:33 (7200 turns).

kae the Firebug (Deep Elf Fire Elementalist)        Turns: 7200, Time: 00:04:34

Health: 0/36       AC:  4    Str:  2    XL:     7   Next: 87%
Magic:  19/26      EV: 11    Int: 25    God:    Vehumet [......]
Gold:   271        SH:  0    Dex: 15    Spells: 7/17 levels left

rFire   + . .      SeeInvis .    n - +1 long sword of Ecwut {heavy, rCorr MP+9 Str-3 Int+3}
rCold   x . .      Faith    .    (no shield)
rNeg    . . .      Spirit   .    q - +1 leather armour {rPois}
rPois   +          Reflect  .    (no helmet)
rElec   .          Harm     .    (no cloak)
rCorr   +          Rampage  .    (no gloves)
Will    .....                    (no boots)
Stlth   ++                       (no amulet)
HPRegen 0.26/turn                F - ring of fire
MPRegen 0.20/turn                (no ring)

@: no status effects
A: no striking features
a: Renounce Religion


You were on level 6 of the Dungeon.
You worshipped Vehumet.
Vehumet was noncommittal.
You visited 2 branches of the dungeon, and saw 7 of its levels.

You collected 323 gold pieces.
You spent 52 gold pieces at shops.


   Skills:
 - Level 2.4 Dodging
 - Level 2.4 Stealth
 + Level 5.9 Spellcasting
 * Level 6.1 Conjurations
 - Level 2.0 Hexes
 * Level 6.9 Fire Magic


You had 7 spell levels left.
You knew the following spells:

 Your Spells              Type           Power      Damage    Failure   Level
a - Foxfire               Conj/Fire      100%       2x1d9     1%          1
b - Scorch                Fire           100%       2d10      1%          2
c - Inner Flame           Hex/Fire       44%        N/A       9%          3
d - Flame Wave            Conj/Fire      57%        2d14      12%         4

Your spell library contained the following spells:

 Spells                   Type           Power      Damage    Failure   Level
 Magic Dart               Conj           100%       1d8       1%          1
 Slow                     Hex            68%        N/A       8%          1
 Kindle Blastsparks       Fire/Tloc/Air  56%        2d14      21%         3
 Confusing Touch          Hex            17%        N/A       22%         3
 Mephitic Cloud           Conj/Pois/Air  17%        N/A       22%         3
 Call Imp                 Summ           7%         N/A       26%         2
 Vampiric Draining        Necr           7%         2d6       45%         3
 Lightning Bolt           Conj/Air       11%        1d24      80%         5
 Airstrike                Air            3%         2d(1-17)  86%         4
 Summon Ice Beast         Ice/Summ       7%         N/A       86%         4
 Summon Lightning Spire   Summ/Air       7%         N/A       86%         4
 Summon Mana Viper        Hex/Summ       12%        N/A       97%         5
 Monstrous Menagerie      Summ           3%         N/A       100%        7

Inventory:

Hand Weapons
 n - the +1 long sword of Ecwut (weapon) {heavy, rCorr MP+9 Str-3 Int+3}
   (You found it on level 3 of the Dungeon)

   Str:       It affects your strength (-3).
   Int:       It affects your intelligence (+3).
   MP:        It affects your magic capacity (+9).
   rCorr:     It protects you from acid and corrosion.
 r - the +5 dagger "Killer Bee's Foe" {vamp, *Rage rElec Int+4}
   (You found it on level 3 of the Dungeon)

   Int:       It affects your intelligence (+4).
   rElec:     It insulates you from electricity.
   *Rage:     It berserks you when you make melee attacks (+20% chance).
Missiles
 c - 85 stones
 g - 3 poisoned darts
 i - 5 atropa-tipped darts
Armour
 a - a +0 robe
 q - a +1 leather armour of poison resistance (worn)
   (You found it on level 3 of the Dungeon)
Jewellery
 F - a ring of fire (left hand)
   (You found it on level 1 of the Dungeon)
Wands
 e - a wand of roots (10)
   (You found it on level 4 of the Dungeon)
 o - a wand of flame (24)
   (You took it off Ijyb on level 3 of the Dungeon)
Scrolls
 f - 6 scrolls of teleportation {@r4}
 l - a scroll of enchant armour
 t - a scroll of enchant weapon
Potions
 b - a potion of magic
 d - a potion of might
 h - 2 potions of curing {@q1}
 j - a potion of flight
 k - 4 potions of brilliance
 m - a potion of ambrosia
 p - a potion of haste {@q3}
 s - a potion of heal wounds {@q2}
 u - a potion of cancellation {unknown}
 w - a potion of mutation {unknown}

Dungeon Overview and Level Annotations

Branches:
Dungeon (6/15) Zot: 26942  Temple (1/1) D:5 Zot: 5742

Altars:
Ashenzari
Cheibriados
Elyvilon
Fedhas
Gozag
Hepliaklqana
Kikubaaqudgha
Makhleb
Nemelex Xobeh
Okawaru
Qazlal
Ru
Sif Muna
Trog
Uskayaw
Vehumet
Wu Jian
Xom
Yredelemnul
Zin
The Shining One

Shops:
D:5 (([=*

Annotations:
D:4 exclusion: upstairs

..............
......######## ###
.......#######.#..
...............#.#
########..######.#######
##..## #.......#
##..####.......#
##....vยงยง.....#
######@......# #Yv.#####
#.#...# #.#...... #.#
...#. ... ...# ... ..#
... ..#


You could see an ice beast (combustible, ally target).


Message History

The foxfire hits the howler monkey.
You kill the howler monkey!
Vehumet accepts your kill.
(D) Dungeon (T) Temple
Where to? (Enter - D:5 @ (x,y), ? - help)
You see here a +0 robe.
There is a stone staircase leading up here.
There is a stone staircase leading down here.
There is an entrance to Quuxkaest's General Store here. ๐Ÿ˜Ž MP[+2]
Your mp is fully restored (26).
k - 4 potions of brilliance (gained 1) Thank you for shopping at Quuxkaest's General Store!
As you read the scroll labelled INONUS AG NUTU, it crumbles to dust.
You feel momentarily disoriented.
It was a scroll of magic mapping.
Unknown command.
As you read the scroll labelled QOFELIE TOIFRESI, it crumbles to dust.
The scroll dissolves into smoke.
It was a scroll of fog.
Unknown command.
Okay, then.
Okay, then.
Okay, then.
Okay, then.
(D) Dungeon (T) Temple
Where to? (Enter - D:5 @ (x,y), ? - help)
There is a stone staircase leading down here.
You climb downwards.
You hear the hiss of flowing sand.
There is an entrance to an ossuary on this level.
Hurry and find it before the portal is buried!
There is a stone staircase leading up here.
An ufetubus comes into view.
Okay, then.
Casting: Foxfire (safe; 1% risk of failure)
Confirm with . or Enter, or press ? or * to list all spells.
You feel a surge of power!
You conjure some foxfire!
The foxfire hits the ufetubus.
The ufetubus is burned terribly!
The ufetubus shouts!
The foxfire hits the ufetubus.
You kill the ufetubus!
Vehumet accepts your kill.
You hear a bark! ๐Ÿ˜Ž MP[-1]
You lost 1 mp, and now have 25/26 mp.
Casting: Foxfire (safe; 1% risk of failure)
Confirm with . or Enter, or press ? or * to list all spells.
You feel a surge of power!
You conjure some foxfire!
A hound comes into view. ๐Ÿ˜Ž MP[-1]
You lost 1 mp, and now have 24/26 mp.
A hound is nearby!
Casting: Foxfire (safe; 1% risk of failure)
Confirm with . or Enter, or press ? or * to list all spells.
You feel a surge of power!
You conjure some foxfire!
The foxfire hits the hound.
Casting: Foxfire (safe; 1% risk of failure)
Confirm with . or Enter, or press ? or * to list all spells.
You feel a surge of power!
You conjure some foxfire!
An ice beast comes into view.
The foxfire hits the hound. x2 ๐Ÿ˜Ž MP[-1]
You lost 1 mp, and now have 23/26 mp.
Casting: Foxfire (safe; 1% risk of failure)
Confirm with . or Enter, or press ? or * to list all spells.
You feel a surge of power!
You conjure some foxfire!
You hear the slow hiss of a distant avalanche of sand.
The foxfire hits the hound!
You kill the hound!
Vehumet accepts your kill.
Casting: Foxfire (safe; 1% risk of failure)
Confirm with . or Enter, or press ? or * to list all spells.
You feel a surge of power!
You conjure some foxfire!
The foxfire hits the ice beast!
The ice beast melts!
The foxfire hits the ice beast!
The ice beast melts!
The foxfire hits the ice beast but does no damage. ๐Ÿ˜Ž MP[-1]
You lost 1 mp, and now have 22/26 mp.
Casting: Foxfire (safe; 1% risk of failure)
Confirm with . or Enter, or press ? or * to list all spells.
You feel a surge of power!
Flames lash the ice beast.
The ice beast melts!
The ice beast's fire resistance burns away.
The ice beast hits you but does no damage. ๐Ÿ˜Ž MP[-2]
You lost 2 mp, and now have 20/26 mp.
Casting: Scorch (safe; 1% risk of failure)
Confirm with . or Enter, or press ? or * to list all spells.
You feel a surge of power!
You conjure some foxfire!
The ice beast hits you. The ice beast freezes you!
You feel a terrible chill!
The foxfire hits the ice beast but does no damage. x2
The ice beast hits you but does no damage. ๐Ÿ˜ฎ HP[-13]
You take 13 damage, and now have 23/36 hp.
MASSIVE DAMAGE!! (PAUSE)
Casting: Foxfire (safe; 1% risk of failure)
Confirm with . or Enter, or press ? or * to list all spells.
You feel a surge of power!
You conjure some foxfire!
The ice beast hits you. The ice beast freezes you!!
You feel a terrible chill!
Ouch! That really hurt!
You die...

Skill      XL: |  1  2  3  4  5  6  7 |
---------------+----------------------+-----
Conjurations   | 2 3 4 5 6 |  6.1
Fire Magic     | 4 5 6 |  6.9
Hexes          | 1 2 |  2.0
Spellcasting   | 4 5 |  5.9
Dodging        | |  2.4
Stealth        | |  2.4

Action                     |  1- 3 |  4- 6 |  7- 9 || total
---------------------------+-------+-------+-------++-------
  Melee: Unarmed           |     1 |       |       ||     1
   Cast: Foxfire           |    88 |    87 |    25 ||   200
         Scorch            |     1 |    23 |    10 ||    34
    Use: Scroll            |       |     9 |     4 ||    13
   Stab: Sleeping          |     1 |       |       ||     1
 Armour: Robe              |     3 |       |       ||     3
         Leather armour    |       |     7 |     2 ||     9
  Dodge: Dodged            |    18 |    19 |     3 ||    40

Levels and vault maps discovered:
D:1:      ldierk_walled_garden, layout_loops_ring
D:2:      layout_rooms, ebering_ecumenical_altar_hall, minmay_tiny_reverse_x
D:3:      layout_basic, jmf_multi_god_temple, nicolae_overflow_ecumenical_swirl,
          corexii_corridor_pit, uniq_ijyb
D:4:      layout_loops_corners, uniq_menkaure, uniq_duvessa, uniq_natasha
D:5:      layout_loops_ring, minmay_temple_entry_steel_oval, serial_shops,
          nicolae_shop_statue_plus, nicolae_shop_statue_plus, shop_fountains,
          nicolae_shop_waterfront, nicolae_stop_n_shop_1, minmay_liquid_box,
          uniq_edmund
D:6:      kb_forest_paths, layout_basic, enter_ossuary_1
Temple:   mainiacjoe_temple_bowtie_tessellation

Notes
Turn   | Place    | Note
-------+----------+-------------------------------------------
     0 | D:1      | kae the Deep Elf Fire Elementalist began the quest for the
                  | Orb.
     0 | D:1      | Reached XP level 1. HP: 10/10 MP: 6/6
     0 | D:1      | magus.rc [v1.11.3]
   201 | D:1      | Reached XP level 2. HP: 15/15 MP: 1/8
   478 | D:1      | Reached skill level 2 in Conjurations
   660 | D:1      | Reached XP level 3. HP: 19/19 MP: 7/9
   663 | D:1      | Learned a level 2 spell: Scorch
   667 | D:1      | Learned a level 3 spell: Inner Flame
  1157 | D:2      | Reached skill level 4 in Fire Magic
  1436 | D:2      | You pick up a book of Beasts and begin reading...
  1436 | D:2      | You add the spells Summon Ice Beast, Summon Mana Viper and
                  | Monstrous Menagerie to your library.
  1471 | D:2      | Reached skill level 1 in Hexes
  1606 | D:2      | Reached XP level 4. HP: 22/24 MP: 7/11
  1661 | D:2      | Found a faded altar of an unknown god.
  1806 | D:3      | Identified the +5 dagger "Killer Bee's Foe" {vamp, *Rage
                  | rElec Int+4}
  1894 | D:3      | Found a hide-covered altar of Uskayaw.
  1894 | D:3      | Found an ancient bone altar of Kikubaaqudgha.
  2065 | D:3      | You pick up a book of Debilitation and begin reading...
  2065 | D:3      | You add the spells Slow, Vampiric Draining and Confusing
                  | Touch to your library.
  2091 | D:3      | Found a faded altar of an unknown god.
  2173 | D:3      | Reached skill level 3 in Conjurations
  2179 | D:3      | Identified the +1 long sword of Ecwut {heavy, rCorr MP+9
                  | Str-3 Int+3}
  2254 | D:3      | Noticed Ijyb
  2266 | D:3      | Killed Ijyb
  2267 | D:3      | Reached skill level 4 in Spellcasting
  2350 | D:3      | Reached XP level 5. HP: 28/28 MP: 13/13
  2415 | D:3      | You pick up a book of Minor Magic and begin reading...
  2415 | D:3      | You add the spells Magic Dart, Call Imp and Mephitic Cloud
                  | to your library.
  3008 | D:4      | You pick up a book of Storms and begin reading...
  3008 | D:4      | You add the spells Airstrike, Summon Lightning Spire and
                  | Lightning Bolt to your library.
  3016 | D:4      | Reached skill level 2 in Hexes
  3029 | D:3      | Found a white marble altar of Elyvilon.
  3299 | D:4      | Learned a level 4 spell: Flame Wave
  3426 | D:4      | Reached skill level 5 in Fire Magic
  3572 | D:4      | Noticed Natasha
  3576 | D:4      | Killed Natasha
  3577 | D:4      | Reached skill level 4 in Conjurations
  3577 | D:4      | Reached XP level 6. HP: 32/32 MP: 14/14
  3710 | D:4      | Noticed Duvessa
  3717 | D:4      | Noticed Menkaure
  3730 | D:4      | Noticed Dowan
  3888 | D:4      | Killed Duvessa
  3892 | D:4      | Killed Dowan
  4078 | D:4      | Noticed Natasha
  4081 | D:4      | Killed Natasha
  5051 | D:4      | Noticed Natasha
  5059 | D:4      | Killed Natasha
  5060 | D:4      | Reached skill level 5 in Spellcasting
  5325 | D:4      | HP: 6/32 [Menkaure (16)]
  5326 | D:4      | Killed Menkaure
  5327 | D:4      | Reached skill level 5 in Conjurations
  5327 | D:4      | Reached skill level 6 in Fire Magic
  5327 | D:4      | Reached XP level 7. HP: 7/36 MP: 16/16
  6008 | D:5      | Entered Level 5 of the Dungeon
  6015 | D:5      | Found Zinicuul's Armour Shop.
  6021 | D:5      | Noticed Edmund
  6030 | D:5      | Killed Edmund
  6203 | D:5      | Found a staircase to the Ecumenical Temple.
  6209 | Temple   | Entered the Ecumenical Temple
  6441 | Temple   | Became a worshipper of Vehumet
  6488 | D:5      | Found Eganeh's Weapon Shoppe.
  6642 | D:5      | Reached skill level 6 in Conjurations
  6658 | D:5      | Found Wiorr's Weapon Shop.
  6726 | D:5      | Found Jovawkoq's Jewellery Shoppe.
  6833 | D:5      | Found Quuxkaest's General Store.
  7114 | D:5      | Bought a potion of brilliance for 52 gold pieces
  7200 | D:6      | Slain by an ice beast

Vanquished Creatures
  Menkaure (D:4)
  Edmund (D:5)
  Duvessa (D:4)
  Dowan (D:4)
  2 howler monkeys (D:5)
  4 hounds
  Ijyb (D:3)
  2 iguanas
  Natasha (thrice) (D:4)
  3 gnolls (D:4)
  6 adders
  A white imp (D:5)
  An ufetubus (D:6)
  A worm (D:2)
  A dart slug (D:2)
  10 orcs
  4 ball pythons
  8 bats
  7 endoplasms
  3 giant cockroaches
  7 hobgoblins
  4 jackals (D:1)
  3 quokkas
  3 frilled lizards
  14 goblins
  8 kobolds
  8 rats
108 creatures vanquished.

Vanquished Creatures (others)
  326 foxfires
  5 toadstools (D:1)
331 creatures vanquished.

Grand Total: 439 creatures vanquished

Table legend:
 A = Non-vault XP
 B = Vault XP
 C = Vault XP percentage of total XP
 D = Non-vault monster count
 E = Vault monster count
 F = Vault count percentage of total count
                 A         B        C        D         E       F
            +---------+---------+-------+---------+---------+-------
      Total |     711 |     627 |  46.9 |      98 |      10 |   9.3
            +---------+---------+-------+---------+---------+-------
        D:1 |      50 |       0 |   0.0 |      31 |       0 |   0.0
        D:2 |      48 |       2 |   4.0 |      19 |       2 |   9.5
        D:3 |      79 |      41 |  34.2 |      18 |       3 |  14.3
        D:4 |     222 |     415 |  65.1 |      20 |       4 |  16.7
        D:5 |     262 |     169 |  39.2 |       8 |       1 |  11.1
        D:6 |      50 |       0 |   0.0 |       2 |       0 |   0.0
            +---------+---------+-------+---------+---------+-------

Illustrated notes

Table legend:
 A = Kills in this place as a percentage of kills in entire the game.
 B = Kills by you in this place as a percentage of kills by you in the entire game.
 C = Kills by friends in this place as a percentage of kills by friends in the entire game.
 D = Other kills in this place as a percentage of other kills in the entire game.
 E = Experience gained in this place as a percentage of experience gained in the entire game.
 F = Experience gained in this place divided by the number of levels of this place that you have seen.
                   A       B       C       D       E      F
               +-------+-------+-------+-------+-------+----------------------
         Total | 100.0 | 100.0 |   N/A |   N/A | 100.0 | 191.1
       Dungeon | 100.0 | 100.0 |   N/A |   N/A | 100.0 | 223.0
               +-------+-------+-------+-------+-------+----------------------

Table legend: (Time is in decaauts)
 A = Elapsed time spent in this place.
 B = Non-inter-level travel time spent in this place.
 C = Inter-level travel time spent in this place.
 D = Time resting spent in this place.
 E = Time spent auto-exploring this place.
 F = Levels seen in this place.
 G = Mean time per level.
                   A        B        C        D        E       F      G
               +--------+--------+--------+--------+--------+-----+--------+
         Total |   7203 |   6883 |    320 |     89 |   6011 |   7 | 1029.0 |
       Dungeon |   6945 |   6655 |    290 |     89 |   5797 |   6 | 1157.5 |
        Temple |    257 |    228 |     29 |      0 |    214 |   1 |  257.0 |
               +--------+--------+--------+--------+--------+-----+--------+

Top non-repeatable levels by time:
     D:4: 2911 daAuts
     D:3: 1323 daAuts
     D:1: 1090 daAuts
     D:5: 878 daAuts
     D:2: 685 daAuts
  Temple: 257 daAuts
     D:6: 56 daAuts
